 Dungeon Crawl Stone Soup version 0.23.2-33-g5129a83184 (webtiles) character file.

Game seed: 8291621405813593102

130 Hebeh the Conjurer (level 4, -2/24 HPs)
             Began as a Deep Elf Conjurer on June 27, 2019.
             Hit by a goblin thrown by Robin (3 damage)
             ... on level 3 of the Dungeon.
             The game lasted 00:07:21 (1697 turns).

Hebeh the Conjurer (Deep Elf Conjurer)              Turns: 1697, Time: 00:07:23

Health: -2/24      AC:  2    Str:  5    XL:     4   Next: 90%
Magic:  1/13       EV: 13    Int: 21    God:
Gold:   52         SH:  0    Dex: 15    Spells: 12/13 levels left

rFire    . . .     SeeInvis .   b - +0 whip
rCold    . . .     Gourm    .   (no shield)
rNeg     . . .     Faith    .   a - +0 robe
rPois    .         Spirit   .   (no helmet)
rElec    .         Reflect  .   (no cloak)
rCorr    .         Harm     .   (no gloves)
MR       .....                  (no boots)
Stlth    ++........             (no amulet)
HPRegen  0.08/turn              (no ring)
MPRegen  0.13/turn              (no ring)

@: no status effects
A: no striking features
a: no special abilities


You were on level 3 of the Dungeon.
You were not hungry.

You visited 1 branch of the dungeon, and saw 3 of its levels.

You collected 52 gold pieces.

Inventory:

Hand Weapons
 b - a +0 whip (weapon)
Missiles
 e - 18 stones (quivered)
 l - 31 arrows
Armour
 a - a +0 robe (worn)
 i - a +0 pair of gloves
Jewellery
 p - a +3 ring of intelligence {unknown}
Scrolls
 g - a scroll of remove curse {unknown}
 h - a scroll of immolation {unknown}
 m - 5 scrolls of identify {unknown}
 q - a scroll of random uselessness {unknown}
Potions
 d - a potion of ambrosia {unknown}
 j - 2 potions of might {unknown}
 k - a potion of lignification {unknown}
 n - 2 potions of heal wounds {unknown}
 o - a potion of flight {unknown}
Comestibles
 c - 6 rations


   Skills:
 - Level 2.4 Dodging
 - Level 2.4 Stealth
 + Level 5.3 Spellcasting
 + Level 5.7 Conjurations


You had 12 spell levels left.
You knew the following spells:

 Your Spells              Type           Power        Failure   Level  Hunger
a - Magic Dart            Conj           ####         1%          1    None

Your spell library contained the following spells:

 Spells                   Type           Power        Failure   Level  Hunger
 Searing Ray              Conj           ####..       1%          2    None
 Dazzling Spray           Conj/Hex       ###...       10%         3    ##.....
 Iskenderun's Mystic Bla  Conj           ####....     10%         4    ####...
 Force Lance              Conj/Tloc      ###.....     32%         4    ####...
 Fulminant Prism          Conj/Hex       ###.......   32%         4    ####...


Dungeon Overview and Level Annotations

Branches:
Dungeon (3/15)

Altars:

Annotations:
D:3 Robin


Message History

Press: ? - help, Shift-Dir - straight line, f - hobgoblin
Aim: a hobgoblin, wielding a +0 club (unusually strong)
The magic dart hits the hobgoblin!
You kill the hobgoblin!
The goblin shoots a sling bullet.
The sling bullet hits you!
* * * LOW HITPOINT WARNING * * *
Casting: Magic Dart (safe; 1% risk of failure)
Confirm with . or Enter, or press ? or * to list all spells.
Aiming: Magic Dart (safe; 1% risk of failure)
Press: ? - help, Shift-Dir - straight line, f - hobgoblin
Aim: a hobgoblin (unusually strong)
The magic dart hits the hobgoblin but does no damage.
The hobgoblin barely misses you.
You hear a zap.
Some rock shatters into small pieces.
You hear a zap.
Some rock shatters into small pieces.
There is a stone staircase leading up here.
Robin throws the goblin at you!
You die...

# ..# #. ..# .# #
#.####.##.#.#
##.........#.##
.......#(....##
#.#.#...#......#
#.....g.#.....#
#####.@g.....#
..............#...#
..........gg.......
###########g).##+##
g)... ..†...
....... .......
.......


You could see Robin, 3 hobgoblins and 2 goblins.

Vanquished Creatures
  Jessica (D:2)
  A hound skeleton (D:3)
  3 adders (D:2)
  2 dart slugs
  3 leopard geckos (D:1)
  8 bats
  5 giant cockroaches
  9 goblins
  6 hobgoblins
  2 jackals (D:2)
  2 quokkas (D:2)
  3 frilled lizards
  4 kobolds
  5 rats
54 creatures vanquished.

Notes
Turn   | Place    | Note
-------+----------+-------------------------------------------
     0 | D:1      | Hebeh the Deep Elf Conjurer began the quest for the Orb.
     0 | D:1      | Reached XP level 1. HP: 10/10 MP: 6/6
   110 | D:1      | Reached XP level 2. HP: 15/15 MP: 0/8
   889 | D:1      | Reached skill level 5 in Conjurations
   889 | D:1      | Reached XP level 3. HP: 19/19 MP: 8/10
   942 | D:2      | Noticed Jessica
  1005 | D:2      | Killed Jessica
  1006 | D:2      | Reached XP level 4. HP: 24/24 MP: 4/12
  1315 | D:2      | Reached skill level 5 in Spellcasting
  1684 | D:3      | Noticed Robin
  1691 | D:3      | HP: 1/24 [goblin/sling bullet[Robin] (8)]
  1697 | D:3      | Hit by a goblin thrown by Robin

Skill      XL: |  1  2  3  4 |
---------------+-------------+-----
Spellcasting   | 4 5 |  5.3
Conjurations   | 5 |  5.7
Dodging        | |  2.4
Stealth        | |  2.4

Action                   |  1- 3 |  4- 6 || total
-------------------------+-------+-------++-------
Melee: Whip              |     1 |       ||     1
 Cast: Magic Dart        |    52 |    52 ||   104
  Eat: Chunk             |       |     2 ||     2
Dodge: Dodged            |     3 |     3 ||     6
